Unix NetHack Version 5.0.0-0 post-release - last build Jul 11 2026 15:18:16 (a5a7a23833b1ad5d30b1c6e96a93a978492a6348,branch:main).

Game began 2026-06-27 21:55:44, ended 2026-07-12 21:23:19.

Daltwisney, lawful female human Valkyrie

          ---- --------     -------------          -----
      4  3.@N44|.24....    |.....%%...).           |..%|
          D-X---.---.-------%-------.---.     ---  |.|%|
          4|32..3..|.... .)*.%     |....}     ...|  . Y.
       ----32-----------------     |.--..-------.---- ---
       |...|.|      5              |...|.%`....%...
   --}--.|.|.|    3                ---------.%-----
   |"....|...|
  .|.---------
  ..<|1
  }---

Daltwisney the Swashbuckler  St:18/35 Dx:14 Co:18 In:9 Wi:19 Ch:13  Lawful
Dlvl:31 $:0  HP:92(203) Pw:106(106) AC:-25 Xp:21 T:57318  Burdened

Latest messages:
 The invisible master lich resists the magical blast!
 The ogre king is caught in the magical blast!
 The ogre king resists the magical blast!
 You are caught in the magical blast!
 The ogre king vanishes!
 The invisible master lich vanishes!
 The xorn vanishes!
 You materialize in a different location!
 The invisible master lich appears next to you!
 You sense a faint wave of psychic energy.
 Monsters appear from nowhere!
 The massive hammer hits!  Lightning strikes the ogre king!
 The ogre king wields a battle-axe!
 The zruty just misses!
 The zruty hits!
 The zruty misses!
 The massive hammer hits!  Lightning strikes the ogre king!
 You kill the ogre king!
 The zruty hits!
 The zruty misses!
 The zruty misses!
 Monsters appear from nowhere!
 The massive hammer hits the green slime.
 The green slime misses!
 The zruty misses!
 The zruty misses!
 The zruty misses!
 You hear a master lich reading a scroll of create monster.
 The massive hammer hits the green slime.
 The green slime misses!
 The massive hammer hits the green slime.
 The massive hammer hits the green slime.
 You kill the green slime!
 Monsters appear from nowhere!
 The massive hammer hits!  Lightning strikes the guardian naga!
 The xorn just misses!
 The xorn misses!
 The xorn hits!
 The xorn bites!
 It hits the guardian naga.
 It hits the guardian naga.
 The guardian naga bites!
 You avoid harm.
 The guardian naga misses!
 Really quit without saving? [yn] (n) y
 Do you want your possessions identified? [ynq] (y) y
 Do you want to see your attributes? [ynq] (y) y
 Do you want an account of creatures vanquished? [ynaq] (y) y
 Do you want to see your conduct and achievements? [ynq] (y) y
 Do you want to see the dungeon overview? [ynq] (y) y

Inventory:
 Amulets  ('"')
  H - an uncursed amulet of reflection (being worn)
 Weapons  (')')
  b - 19 blessed +1 daggers (at the ready)
  Y - the blessed rustproof +0 Excalibur
  j - the blessed rustproof +4 Mjollnir (weapon in right hand)
 Armor    ('[')
  z - an uncursed +2 helm of brilliance (being worn)
  L - a blessed fireproof +2 pair of leather gloves (being worn)
  r - a blessed +2 pair of levitation boots
  c - an uncursed thoroughly burnt +3 small shield (being worn)
  m - an uncursed fireproof +3 cloak of protection (being worn)
  R - an uncursed +4 T-shirt with text "I want to live forever or die in the attempt." (being worn)
  y - a blessed +2 dwarvish mithril-coat (being worn)
 Comestibles  ('%')
  k - an uncursed food ration
  Z - an uncursed lizard corpse
 Rings    ('=')
  T - a blessed +3 ring of adornment (on right hand)
  W - a blessed ring of conflict (on left hand)
  E - a cursed ring of invisibility
  g - a cursed ring of polymorph control
  K - an uncursed ring of shock resistance
 Wands    ('/')
  Q - a wand of cold (0:0)
  A - a wand of digging (0:4)
  l - a cursed wand of digging (0:0)
  F - a wand of fire (0:7)
  D - a wand of fire (0:5)
  e - a wand of fire (0:0)
  I - a wand of fire (0:0)
  O - a wand of light (0:13)
  w - a wand of lightning (0:0)
  M - a wand of lightning (0:0)
  u - a cursed wand of lightning (0:2)
  d - a wand of magic missile (0:6)
  i - a wand of magic missile (0:5)
  S - a cursed wand of magic missile (0:6)
  q - a wand of secret door detection (0:9)
 Tools    ('(')
  a - a blessed bag of holding containing 51 items
  P - an uncursed bag of holding containing 1 item
  x - an uncursed bugle
  p - the Bell of Opening (0:3)
  J - a magic marker (1:4)
  V - a cursed magic whistle
  C - an uncursed mirror
  o - the blessed Orb of Fate (0:5)
  f - a +0 pick-axe
  n - an uncursed skeleton key
  U - an uncursed towel
  X - a +0 unicorn horn
 Gems/Stones  ('*')
  N - 8 uncursed amethyst stones
  s - 9 uncursed diamonds
  G - 3 uncursed emeralds
  h - a cursed jet stone
  v - 3 uncursed rubies
  t - 2 uncursed luckstones

Contents of the bag of holding:
  13009 gold pieces
  a cursed amulet of ESP
  the rustproof +2 Ogresmasher
  the rustproof +0 Snickersnee
  an uncursed +0 pair of gauntlets of dexterity
  an uncursed burnt +0 pair of leather gloves
  an uncursed +0 pair of jumping boots
  an uncursed +0 pair of jumping boots
  an uncursed +0 pair of kicking boots
  an uncursed +0 pair of water walking boots
  15 uncursed C-rations
  an uncursed carrot
  an uncursed fortune cookie
  an uncursed K-ration
  an uncursed tin of human meat
  2 uncursed lizard corpses
  4 uncursed scrolls of amnesia
  a blessed scroll of blank paper
  7 uncursed scrolls of blank paper
  a cursed scroll of blank paper
  a cursed scroll of blank paper
  2 cursed scrolls of blank paper
  2 uncursed scrolls of confuse monster
  3 uncursed scrolls of create monster
  a cursed scroll of create monster
  an uncursed scroll of earth
  a cursed scroll of earth
  a blessed scroll of fire
  2 uncursed scrolls of food detection
  an uncursed scroll of light
  an uncursed scroll of punishment
  a blessed scroll of remove curse
  a blessed scroll of teleportation
  5 uncursed scrolls of teleportation
  a cursed scroll of teleportation
  an uncursed potion of object detection
  an uncursed diluted potion of object detection
  a cursed potion of object detection
  an uncursed potion of speed
  a wand of digging (0:2)
  a cursed wand of digging (0:0)
  a wand of enlightenment (0:2)
  a wand of fire (0:5)
  a wand of fire (0:4)
  a wand of lightning (0:4)
  a wand of make invisible (0:0)
  a wand of probing (0:3)
  an uncursed blindfold
  an uncursed lock pick
  6 uncursed partly used tallow candles
  an uncursed partly used wax candle

Contents of the bag of holding:
  an uncursed worthless piece of red glass

Daltwisney the Valkyrie's attributes:

Background:
 You were a Swashbuckler, a level 21 human Valkyrie.
 You were lawful, on a mission for Tyr
 who was opposed by Odin (neutral) and Loki (chaotic).
 You were right-handed.
 You were in Gehennom, on level 31.
 You entered the dungeon 57318 turns ago.
 You had 12073831 experience points, 7926169 more were needed for level 22.

Basics:
 You had 92 out of 203 hit points.
 You had all 106 energy points (spell power).
 Your armor class was -25.
 Your wallet was empty, but
 you had 13009 zorkmids stashed away in your pack.
 Autopickup was off.

Final Characteristics:
 Your strength was 18/35 (peak:18/49, limit:18/100).
 Your dexterity was 14 (peak:15, limit:18).
 Your constitution was 18 (limit:18).
 Your intelligence was 9 (base:7, peak:10, limit:18).
 Your wisdom was 19 (base:17, innate limit:18).
 Your charisma was 13 (base:10, limit:18).

Final Status:
 You weren't hungry.
 You were burdened; movement was slightly slowed.
 You were wielding a hammer.
 You had expert skill with hammer.

Final Attributes:
 You were the Hand of Elbereth.
 You were piously aligned.
 You were fire resistant.
 You were cold resistant.
 You were sleep resistant.
 You were shock resistant.
 You were poison resistant.
 You saw invisible.
 You were telepathic.
 You were warned.
 You were more charismatic.
 You were invisible to others.
 You were stealthy.
 You caused conflict.
 You had a moderate defense bonus (+8).
 You were protected.
 You took half physical damage.
 You took half spell damage.
 Your spell casting was impaired by metallic armor.
 You were fast.
 You had reflection.
 You were extremely lucky.
 You had extra luck.
 Good luck did not time out for you.
 You survived.

Miscellaneous:
 You encountered 1 bones level.
 Total elapsed playing time was 1 day, 4 hours, 49 minutes and 16 seconds.

Major events:
 Turn
    1: Daltwisney the lawful human Valkyrie entered the dungeon
  620: entered the Gnomish Mines
  687: attained the rank of Skirmisher (level 3)
 1854: attained the rank of Fighter (level 6)
 2102: reached Mine Town
 4014: acquired the Mines' End luckstone
 4970: stole 13 zorkmids worth of merchandise from Yad's hardware store
 7625: entered Sokoban
 7927: completed 1st Sokoban level
 8363: completed 2nd Sokoban level
 8826: completed 3rd Sokoban level
 8969: attained the rank of Man-at-arms (level 10)
 9902: completed 4th Sokoban level
10052: acquired the Sokoban bag of holding
10564: was bestowed with Mjollnir by Tyr
13594: entered the Bigroom
15119: entered Home 1, the Quest
16026: was given Excalibur by the Lady of the Lake
17454: was bestowed with Snickersnee by Tyr
26523: attained the rank of Warrior (level 14)
27324: the Norn has granted access to proceed deeper into the quest
27358: entered Home 2, the Quest
27568: entered Home 3, the Quest
27838: entered Home 4, the Quest
28220: entered Home 5, the Quest
28245: entered Home 6, the Quest
28441: found the Orb of Fate on the floor
28568: killed Lord Surtur
28570: acquired the Bell of Opening
32376: was crowned "The Hand of Elbereth" by Tyr
36339: killed Croesus
38168: was bestowed with Ogresmasher by Tyr
46284: made his first wish - "blessed +2 levitation boots", got "a pair of jungle boots"
46457: killed Medusa
47246: wished for "scroll of charging", got "a scroll of charging"
47249: wished for "magic marker", got "a magic marker"
47743: entered Gehennom
48051: attained the rank of Swashbuckler (level 18)
50632: Sarangan, the delicatessen proprietrix, has been killed
50989: wished for "2 blessed scrolls of charging", got "a scroll of charging"
57318: quit

Spells:
 Name                 Level Category     Fail Retention
 detect monsters        1   divination   100%   51%-75%
 light                  1   divination   100%  76%-100%
 restore ability        4   healing      100%  76%-100%
 levitation             4   escape       100%  76%-100%

Skills:
 Fighting Skills
   bare handed combat [Unskilled]
   two weapon combat  [Unskilled]
   riding             [Unskilled]
 Weapon Skills
   dagger             [Skilled]
   axe                [Unskilled]
   pick-axe           [Basic]
   short sword        [Unskilled]
   broadsword         [Unskilled]
   long sword         [Expert]
   two-handed sword   [Unskilled]
   saber              [Unskilled]
   hammer             [Expert]
   quarterstaff       [Unskilled]
   polearms           [Unskilled]
   spear              [Expert]
   trident            [Unskilled]
   lance              [Unskilled]
   sling              [Unskilled]
 Spellcasting Skills
   attack spells      [Unskilled]
   escape spells      [Unskilled]

Voluntary challenges:
 Character rerolling was not enabled.
 You never genocided any monsters.
 You never changed form.
 You used 4 wishes.
 You did not wish for any artifacts.
 You violated the special Sokoban rules thrice.
Achievements:
 You entered the Gnomish Mines.
 You attained the rank of Skirmisher.
 You attained the rank of Fighter.
 You entered Minetown.
 You entered a temple.
 You entered a shop.
 You completed the Gnomish Mines.
 You entered Sokoban.
 You attained the rank of Man-at-arms.
 You completed Sokoban.
 You entered the Big Room.
 You attained the rank of Warrior.
 You had the Bell of Opening.
 You learned the tune to open and close the Castle's drawbridge.
 You defeated Medusa.
 You entered Gehennom.
 You attained the rank of Swashbuckler.

 The Dungeons of Doom: levels 1 to 26
    Level 1:
       A sink.
    Level 2:
       Stairs down to The Gnomish Mines.
    Level 3:
    Level 4:
       A general store.
    Level 5:
       A sink.
    Level 6:
       A weapon shop, many altars.
    Level 7:
    Level 8:
       Some fountains.
       Oracle of Delphi.
    Level 9:
       Stairs up to Sokoban, level 8.
    Level 10:
    Level 11:
       A very big room.
       Final resting place for
          efot-Arc-Dwa-Fem-Law, killed by an owlbear, while praying.
    Level 12:
    Level 13:
    Level 14:
       Portal to The Quest.
    Level 15:
       A primitive area.
    Level 16:
       Many graves.
    Level 17:
    Level 18:
    Level 19:
    Level 20:
    Level 21:
       A grave.
    Level 22:
       Portal to Fort Ludios.
    Level 23:
       A sink, a grave.
    Level 24:
       A food shop.
    Level 25:
       Some fountains, many trees.
    Level 26:
       A fountain.
       The castle (play notes "CAGGC" to open or close drawbridge).
       Connection to Gehennom.
 Gehennom: levels 27 to 31
    Level 27:
       A temple and an altar, many graves.
       Valley of the Dead.
    Level 28:
    Level 29:
    Level 30:
       A temple and an altar.
    Level 31: <- You were here.
 The Gnomish Mines: levels 3 to 10
    Level 3:
    Level 4:
    Level 5:
    Level 6:
       Many shops, a temple and an altar, some fountains.
    Level 7:
    Level 8:
    Level 9:
    Level 10:
 The Quest: levels 1 to 6
    Level 1:
       A fountain.
       Completed quest for the Norn.
    Level 2:
    Level 3:
    Level 4:
    Level 5:
    Level 6:
 Sokoban: levels 8 up to 5
    Level 5:
       Solved.
    Level 6:
       Solved.
    Level 7:
       Solved.
    Level 8:
       Solved.
 Fort Ludios:
    Level 1:
       Fort Ludios.


Vanquished creatures:
    Medusa
    Croesus
  a kraken
 an iron golem
  a master lich
  2 storm giants
  a balrog
  3 purple worms
  2 gray dragons
  2 gold dragons
  a silver dragon
  a red dragon
  2 white dragons
  2 orange dragons
  a black dragon
  4 blue dragons
  a green dragon
  2 yellow dragons
  9 minotaurs
    Lord Surtur
  4 baluchitheria
  2 demiliches
  2 stone golems
  4 master mind flayers
 13 Olog-hai
  2 Nazgul
  2 pit fiends
  a sandestin
  2 hell hounds
  5 displacer beasts
  a titanothere
  a baby red dragon
  3 baby yellow dragons
  2 guardian nagas
  3 genetic engineers
  2 disenchanters
 10 vampire leaders
  a shopkeeper
 an aligned cleric
  4 captains
  4 liches
  3 clay golems
  4 nurses
 an ice devil
  4 lurkers above
 an Aleax
  3 ettins
  2 golden nagas
  4 black puddings
 12 vampires
 13 lieutenants
 36 ghosts
  2 winged gargoyles
  a mind flayer
  3 giant mimics
  4 long worms
  4 zruties
 30 fire giants
  8 ogre tyrants
  8 ice trolls
  4 rock trolls
  6 umber hulks
  4 flesh golems
  5 elven monarchs
  a doppelganger
  a hezrou
  a bone devil
  5 large mimics
  4 wumpuses
  a fire vortex
  2 couatls
 15 stalkers
  2 air elementals
  3 fire elementals
 11 earth elementals
  a water elemental
  5 hill giants
  4 giant mummies
  a black naga
  5 xorns
  9 giant zombies
 13 elf-nobles
 19 sergeants
  3 water demons
  a barbed devil
  a vrock
 15 wargs
  a winter wolf
  2 hell hound pups
 11 small mimics
  2 glass piercers
  4 warhorses
  7 xans
  7 ettin mummies
 11 ogre leaders
  6 quantum mechanics
 31 trolls
  2 sasquatches
  4 wood golems
  2 mariliths
  4 sharks
  6 gelatinous cubes
  2 pyrolisks
  2 large dogs
  2 freezing spheres
 10 flaming spheres
  4 shocking spheres
  5 large cats
 12 tigers
  6 gargoyles
  4 dwarf rulers
  3 tengu
  7 ochre jellies
  7 leocrottas
  3 energy vortices
  5 mountain centaurs
  9 stone giants
  5 elf mummies
  6 human mummies
  5 red nagas
  2 green slimes
  7 pythons
  5 pit vipers
  4 cobras
 31 wraiths
  3 carnivorous apes
 13 ettin zombies
  4 leather golems
 18 Grey-elves
117 soldiers
  a watchman
 10 amorous demons
  2 horned devils
 13 chameleons
  5 crocodiles
  9 giant beetles
  9 quivering blobs
 18 cockatrices
  8 wolves
  8 winter wolf cubs
  a lynx
  4 panthers
  5 gremlins
  3 spotted jellies
 34 leprechauns
  5 orc-captains
  6 iron piercers
  5 mumakil
  7 giant spiders
  8 scorpions
  5 horses
 an ice vortex
  3 black lights
 10 vampire bats
  8 forest centaurs
  7 gnome rulers
 an orc mummy
  4 dwarf mummies
  8 ogres
  4 brown puddings
  8 rust monsters
 23 owlbears
  7 yetis
  4 gold golems
  4 werewolves
 14 Green-elves
  8 giant eels
 16 lizards
  4 warriors
 11 chickatrices
  3 dingoes
  3 dogs
  a housecat
  7 jaguars
  6 dwarf leaders
  7 blue jellies
  a white unicorn
  3 gray unicorns
  5 black unicorns
 11 dust vortices
 13 ravens
  5 plains centaurs
  2 gnome mummies
 12 snakes
 11 water moccasins
 17 apes
 20 human zombies
  3 rope golems
  7 Woodland-elves
 12 soldier ants
 92 fire ants
 15 bugbears
  4 imps
 15 quasits
  9 wood nymphs
  6 water nymphs
  5 mountain nymphs
  5 Mordor orcs
 32 Uruk-hai
  4 orc shamans
 13 rock piercers
  4 rock moles
  6 ponies
  6 fog clouds
 16 yellow lights
  3 shriekers
 12 violet fungi
 28 gnome leaders
  9 gnomish wizards
  6 kobold mummies
  a red naga hatchling
  4 black naga hatchlings
  5 gray oozes
  2 barrow wights
 19 elf zombies
 16 ghouls
  a straw golem
  3 paper golems
  2 jellyfish
 51 giant ants
  3 little dogs
 21 floating eyes
  2 kittens
 16 dwarves
  4 homunculi
  5 kobold leaders
  6 kobold shamans
 47 hill orcs
 34 rothes
  2 rabid rats
  5 centipedes
  5 giant bats
 15 orc zombies
 10 dwarf zombies
  3 wererats
  2 werejackals
 12 iguanas
 28 killer bees
  4 acid blobs
  4 coyotes
  2 gas spores
  6 hobbits
 14 manes
  3 large kobolds
 21 hobgoblins
  a giant rat
 12 cave spiders
  2 brown molds
  2 yellow molds
  a red mold
 68 gnomes
  a Keystone Kop
  9 garter snakes
 14 gnome zombies
 14 geckos
 15 jackals
  2 kobolds
  2 goblins
  2 sewer rats
  4 grid bugs
  6 bats
 10 lichens
 20 kobold zombies
 10 newts
2117 creatures vanquished.

No species were genocided or became extinct.

Farvel Daltwisney the Valkyrie...

You quit in Gehennom on dungeon level 31 with 788607 points,
and 13009 pieces of gold, after 57318 moves.
You were level 21 with a maximum of 203 hit points when you quit.

